 Dungeon Crawl Stone Soup version 0.27.0-1-g7a089689b8 (webtiles) character file.

Game seed: 4221046825034285828

32 Ijustatesigmund the Skirmisher (level 3, -1/36 HPs)
             Began as a Gargoyle Fighter on Aug 9, 2021.
             Killed from afar by Sigmund (4 damage)
             ... with a puff of flame
             ... on level 2 of the Dungeon.
             The game lasted 00:02:08 (1284 turns).

Ijustatesigmund the Skirmisher (Gargoyle Fighter)   Turns: 1284, Time: 00:02:09

Health: -1/36      AC: 21    Str: 19    XL:     3   Next: 27%
Magic:  3/3        EV:  2    Int:  8    God:
Gold:   25         SH:  9    Dex: 10    Spells: 2/2 levels left

rFire    . . .     SeeInvis .   a - +0 flail
rCold    . . .     Faith    .   c - +0 kite shield
rNeg     + + +     Spirit   .   (armour currently unavailable)
rPois    ∞         Reflect  .   (helmet currently unavailable)
rElec    .         Harm     .   (cloak currently unavailable)
rCorr    .         Rampage  .   (gloves currently unavailable)
Will     .....     NoTele   +   (boots currently unavailable)
Stlth    +.........             (no amulet)
HPRegen  0.12/turn              (no ring)
MPRegen  0.08/turn              (no ring)

@: mighty, tree-form
A: stationary, stasis, torment immunity, boosted hp, sickness immunity, AC +3,
negative energy resistance 1, (electricity resistance), torment resistance 1,
petrification resistance
a: no special abilities


You were on level 2 of the Dungeon.
You were a tree.
You visited 1 branch of the dungeon, and saw 2 of its levels.

You collected 63 gold pieces.
You spent 38 gold pieces at shops.

Inventory:

Hand Weapons
 a - a +0 flail (weapon)
Missiles
 e - a throwing net (quivered)
Armour
 b - a +0 scale mail (melded)
 c - a +0 kite shield (worn)
Scrolls
 f - a scroll of vulnerability {unknown}
Potions
 d - a potion of might
 h - a potion of brilliance {unknown}


   Skills:
 + Level 3.7 Fighting
 * Level 2.9 Maces & Flails
 - Level 3.2 Armour
 + Level 1.0 Dodging
 - Level 3.2 Shields


You had 2 spell levels left.
You didn't know any spells.
Your spell library was empty.

Dungeon Overview and Level Annotations

Branches:
Dungeon (2/15)

Altars:

Shops:
D:2 :*

Annotations:
D:2 Robin, Sigmund


Innate Abilities, Weirdness & Mutations

You are a tree.
Your roots penetrate the ground, keeping you stationary.
You cannot be teleported.
You are immune to unholy pain and torment.
Your maximum health is greatly increased.
Your equipment is partially melded.
You are immune to sickness and miasma.
((Your stone body is resilient. (AC +3)))
You are immune to poison.
You resist negative energy. (rN+)
((You are resistant to electric shocks. (rElec)))
You are resistant to unholy torment.
You are immune to petrification.


Message History

A goblin comes into view. It is wielding a +0 dagger.
Sigmund casts a spell at you. The magic dart hits you!
You closely miss Sigmund.
Sigmund is almost dead.
Robin roars a battlecry!
Sigmund hits you but does no damage.
A hobgoblin comes into view.
Sigmund gestures at you while chanting. The magic dart hits you.
You hear a shout!
Your scale mail prevents you from hitting Sigmund.
Sigmund is almost dead.
The goblin no longer looks unusually strong.
Sigmund gestures at you while chanting. The puff of flame hits you.
* * * LOW HITPOINT WARNING * * *
You barely miss Sigmund.
Sigmund is almost dead.
Robin roars a battlecry!
The goblin goes into a battle-frenzy!
Sigmund barely misses you. Sigmund hits you with a +0 scythe.
* * * LOW HITPOINT WARNING * * *
It was a potion of lignification.
You turn into a tree.
Your +0 scale mail melds into your body.
Your roots penetrate the ground.
Sigmund casts a spell.
Sigmund flickers and vanishes!
Deactivating autopickup; reactivate with Ctrl-A.
You miss something.
The goblin no longer looks unusually strong.
You hear some strange, mumbled words.
A puff of flame appears from out of thin air!
The puff of flame hits you.
* * * LOW HITPOINT WARNING * * *
You completely miss something.
You hear some strange, mumbled words.
A puff of flame appears from out of thin air!
The puff of flame hits you.
You die...

#.# #.#
#.#
#######.#
#....†..#
#.#######
#.# #.#
#♣# #{#
#gg...gr.
###g..g.g
gg..g.


rg.gg ..... .... .... You could see Robin, a quokka, 2 hobgoblins and 3 goblins.

Vanquished Creatures
  An endoplasm (D:1)
  A giant cockroach (D:2)
  2 hobgoblins (D:1)
  11 jackals
  A kobold (D:1)
  A quokka (D:2)
  4 ball pythons
  2 bats (D:1)
  A frilled lizard (D:2)
  3 rats
27 creatures vanquished.

Notes
Turn   | Place    | Note
-------+----------+-------------------------------------------
     0 | D:1      | Ijustatesigmund the Gargoyle Fighter began the quest for
                  | the Orb.
     0 | D:1      | Reached XP level 1. HP: 14/14 MP: 1/1
   365 | D:1      | Reached XP level 2. HP: 12/19 MP: 2/2
  1106 | D:2      | Found Tateidgho's Assorted Antiques.
  1114 | D:2      | Reached XP level 3. HP: 23/23 MP: 3/3
  1159 | D:2      | Bought a scroll labelled POCZAG KYNNEUSUSU for 20 gold
                  | pieces
  1159 | D:2      | Bought a coppery potion for 18 gold pieces
  1169 | D:2      | Found Giok's Book Boutique.
  1240 | D:2      | Reached skill level 1 in Dodging
  1269 | D:2      | Noticed Robin
  1269 | D:2      | Noticed Sigmund
  1284 | D:2      | Killed from afar by Sigmund

Illustrated notes

Levels and vault maps discovered:
D:1:      mainiacjoe_arrival_reflecting_pool, layout_basic, minmay_pentomino_o4
D:2:      layout_basic, serial_shops, nicolae_lakefront_shop, shop, shop, shop,
          nicolae_lakefront_shop, ebering_ecumenical_altar_box,
          minmay_misc_feat_square, uniq_robin, uniq_sigmund, uniq_terence

Skill      XL: |  1  2  3 |
---------------+----------+-----
Dodging        | 1 |  1.0
Fighting       | |  3.7
Maces & Flails | |  2.9
Armour         | |  3.2
Shields        | |  3.2

Action                   || total
-------------------------++-------
Melee: Flail             ||   110
  Use: Scroll            ||     3
       Potion            ||     3
Armor: Scale mail        ||    79
Dodge: Dodged            ||    67
Block: Kite shield       ||    74
